AoeStats
← LeCrispin

Arabia

503793664Analyzed
2v2 RM · 1mo ago on Sep 2, 2026· 42m 47s· 4 players
Game mode
Random Map
Map size
Medium (4 player)
Population
200
Speed
Normal
Resources
Standard
Victory
Conquest
Starting age
Dark Age
Ending age
Imperial Age
RankedLock teamsTeams togetherTeam positionsShared explorationLock speedFull tech treeHidden civsTurbo modeCheats
Victory
Defeat
🇨🇳 Franks · China
1076
+13
🇷🇺 Italians · Russia
967
+18
🇦🇺 Britons · Australia
1000
-45
🇳🇿 Franks · New Zealand
1000
-45
jonte.lexmond
10:16 Feudal Age
11:05 Double-Bit Axe
13:21 Gold Mining
15:36 Wheelbarrow
17:26 Stone Mining
19:06 Scale Barding Armor
22:06 Scale Mail Armor
27:52 Forging
28:19 Town Watch
34:22 Castle Age
32:27 Fletching
32:38 Padded Archer Armor
32:10 Man-at-Arms
32:36 Arson
35:24 Chain Barding Armor
35:40 Iron Casting
35:21 Chain Mail Armor
35:02 Bodkin Arrow
35:29 Hand Cart
36:07 Loom
36:26 Town Patrol
37:40 Gold Shaft Mining
38:42 Husbandry
40:41 Pikeman
41:22 Squires
45:12 Imperial Age
LeCrispin
11:08 Feudal Age
12:24 Wheelbarrow
13:29 Double-Bit Axe
25:33 Man-at-Arms
30:22 Forging
30:12 Scale Mail Armor
34:22 Castle Age
36:34 Iron Casting
36:14 Chain Mail Armor
35:47 Crossbowman
37:08 Long Swordsman
38:06 Fletching
38:16 Padded Archer Armor
38:55 Bow Saw
курди рс
0:43 Loom
11:59 Feudal Age
17:37 Castle Age
15:23 Horse Collar
15:30 Double-Bit Axe
20:54 Wheelbarrow
20:37 Pikeman
24:33 Hand Cart
25:46 Heavy Plow
32:05 Gold Mining
32:06 Stone Mining
33:13 Bow Saw
33:51 Murder Holes
34:57 Ballistics
38:33 Imperial Age
35:53 Town Watch
36:49 Thumb Ring
37:10 Fletching
37:21 Padded Archer Armor
37:44 Elite Skirmisher
38:40 Town Patrol
39:35 Conscription
40:20 Chemistry
40:20 Crop Rotation
40:40 Bodkin Arrow
41:00 Leather Archer Armor
41:34 Caravan
43:00 Bracer
43:30 Ring Archer Armor
139
5:39 Loom
12:09 Feudal Age
16:00 Castle Age
15:12 Scale Barding Armor
15:18 Forging
20:18 Double-Bit Axe
20:52 Gold Mining
25:10 Bow Saw
26:14 Wheelbarrow
28:36 Chain Barding Armor
28:52 Iron Casting
28:45 Stone Mining
29:31 Gold Shaft Mining
29:30 Husbandry
31:46 Hand Cart
33:42 Gold Shaft Mining
36:26 Imperial Age
36:34 Cavalier
37:52 Plate Barding Armor
38:03 Conscription
37:44 Chivalry
38:49 Blast Furnace
39:12 Paladin
Connection lost

Rejoining the realm…

Still unreachable

The connection could not be restored.

Session expired

The server has moved on; the page needs a fresh start.